 Dungeon Crawl Stone Soup version 0.21.0-3-g78d12a8 (webtiles) character file.

1941 IksarHS the Chopper (level 9, -7/68 HPs)
             Began as a Human Fighter on Jan 14, 2018.
             Killed by divine providence
             ... invoked by an orc priest
              (13 damage)
             ... on level 7 of the Dungeon.
             The game lasted 00:12:57 (6821 turns).

IksarHS the Chopper (Human Fighter)                 Turns: 6821, Time: 00:12:57

Health: -7/68      AC:  7    Str: 21    XL:     9   Next: 41%
Magic:  9/9        EV: 11    Int:  8    God:
Gold:   331        SH: 10    Dex: 17    Spells: 8/8 levels left

rFire    + . .     SeeInvis .   a - +0 war axe
rCold    x . .     Gourm    .   c - +0 shield
rNeg     . . .     Faith    .   b - +0 scale mail
rPois    .         Spirit   .   (no helmet)
rElec    .         Reflect  .   (no cloak)
rCorr    .         Harm     .   (no gloves)
MR       .....                  (no boots)
Stlth    ..........             B - amulet of rage
HPRegen  0.21/turn              w - +5 ring of dexterity
MPRegen  0.11/turn              g - ring of fire

@: no status effects
A: no striking features
a: Evoke Berserk Rage


You were on level 7 of the Dungeon.
You were very hungry.

You visited 1 branch of the dungeon, and saw 7 of its levels.
You also visited: Sewer.

You collected 331 gold pieces.

Inventory:

Hand Weapons
 a - a +0 war axe (weapon)
 C - the +4 dagger "Newt's Regret" {pierce, Int+4}
   (You found it on level 4 of the Dungeon)

   It inflicts extra damage upon your enemies.
   It affects your intelligence (+4).
Armour
 b - a +0 scale mail (worn)
 c - a +0 shield (worn)
Jewellery
 g - a ring of fire (right hand)
 n - an uncursed amulet of the gourmand
 p - an uncursed ring of wizardry
 w - a +5 ring of dexterity (left hand)
 B - an amulet of rage (around neck)
Wands
 d - a wand of digging (10)
 t - a wand of iceblast (18)
 D - a wand of polymorph (7)
Scrolls
 i - 3 scrolls of fog {unknown}
 j - 2 scrolls of immolation {unknown}
 k - 3 scrolls of teleportation {unknown}
 l - 2 scrolls of blinking {unknown}
 m - 3 scrolls of remove curse {unknown}
 o - 2 scrolls of enchant armour {unknown}
 q - 4 scrolls of identify {unknown}
 r - a scroll of noise {unknown}
 s - 2 scrolls of amnesia {unknown}
 v - 3 scrolls of random uselessness {unknown}
 x - 2 scrolls of enchant weapon {unknown}
 y - 2 scrolls of fear {unknown}
Potions
 e - 2 potions of curing
 h - 3 potions of heal wounds
 u - a potion of lignification
Comestibles
 f - 15 rations


   Skills:
 + Level 5.6 Fighting
 * Level 7.0 Axes
 + Level 5.6 Armour
 + Level 4.4 Dodging
 + Level 5.5 Shields


You had 8 spell levels left.
You didn't know any spells.

Dungeon Overview and Level Annotations

Branches:
Dungeon (7/15)
 Temple: D:4-7

Altars:
Ashenzari
Gozag
Hepliaklqana
Okawaru
Uskayaw


Message History

Your scale mail prevents you from hitting the hungry ghost.
The hungry ghost is heavily damaged.
The hungry ghost hits you.
You are feeling very hungry.
The orc warrior hits you from afar with a trident of flaming!
* * * LOW HITPOINT WARNING * * *
The orc warrior burns you.
* * * LOW HITPOINT WARNING * * *
The hungry ghost misses you.
You hit the hungry ghost.
The hungry ghost is heavily damaged.
The orc wizard casts a spell.
The orc wizard blinks!
The orc warrior hits you from afar with a trident of flaming!
* * * LOW HITPOINT WARNING * * *
The orc warrior burns you.
* * * LOW HITPOINT WARNING * * *
The orc priest calls down the wrath of Beogh upon you.
Beogh smites you!
You die...

#### #.. #. ...
##. #.# .. #.# #
#. #@# #. ##.###W#
#..#...##o#####.
#.$.....§o.......
#.##..o###.####..#
##..<5........#
#.(...o.......##
#.#.####.......#
#.#. #####...#


You could see a hungry ghost, an orc warrior and an orc priest.

Vanquished Creatures
  The ghost of esper6 the Quickloader, a novice KoHu (D:6)
  A phantom (D:4)
  A sky beast (D:5)
  5 ogres
  A centaur (D:5)
  3 bullfrogs
  2 scorpions
  A howler monkey (D:4)
  2 vampire bats (D:5)
  2 crimson imps
  A jelly (D:6)
  2 bullfrog skeletons
  A hound (D:5)
  2 iguanas
  2 worker ants
  A hound skeleton (D:5)
  11 adders
  A gnoll (D:5)
  2 river rats (D:6)
  3 shadow imps (D:5)
  9 oozes (Sewer)
  2 dart slugs (D:1)
  4 worms
  10 leopard geckos
  7 orcs
  14 ball pythons
  17 giant cockroaches
  2 hobgoblins
  14 jackals
  2 quokkas
  15 bats
  12 frilled lizards
  6 goblins
  4 kobolds
  10 rats
173 creatures vanquished.

Notes
Turn   | Place    | Note
-------+----------+-------------------------------------------
     0 | D:1      | IksarHS the Human Fighter began the quest for the Orb.
     0 | D:1      | Reached XP level 1. HP: 18/18 MP: 1/1
   101 | D:1      | Reached XP level 2. HP: 16/24 MP: 2/2
   727 | D:2      | Reached XP level 3. HP: 29/29 MP: 3/3
   907 | D:2      | Reached skill level 1 in Dodging
  1026 | D:2      | Found a shattered altar of Ashenzari.
  1039 | D:2      | Reached XP level 4. HP: 25/35 MP: 4/4
  1231 | D:2      | Reached skill level 3 in Axes
  2031 | D:3      | Found an opulent altar of Gozag.
  2037 | D:3      | Found an iron altar of Okawaru.
  2091 | D:3      | Reached XP level 5. HP: 41/41 MP: 5/5
  2142 | D:3      | Found a hide-covered altar of Uskayaw.
  2500 | D:4      | Noticed a phantom
  2519 | D:4      | Killed a phantom
  2519 | D:4      | Reached XP level 6. HP: 15/48 MP: 6/6
  2758 | D:4      | Reached skill level 4 in Axes
  2780 | D:4      | Noticed an ogre
  2785 | D:4      | Killed an ogre
  2790 | D:4      | Reached XP level 7. HP: 36/54 MP: 7/7
  3280 | D:4      | Got a faintly glowing dagger
  3281 | D:4      | Identified the +4 dagger "Newt's Regret" {pierce, Int+4} (You found it on level 4 of the Dungeon)
  3476 | D:5      | Entered Level 5 of the Dungeon
  3664 | D:5      | Reached skill level 5 in Axes
  3821 | D:5      | Found the +4 Vampire's Tooth {vamp}
  3951 | D:5      | Reached XP level 8. HP: 39/61 MP: 8/8
  4475 | D:5      | Reached skill level 6 in Axes
  4846 | D:5      | Reached skill level 5 in Fighting
  4846 | D:5      | Reached skill level 5 in Armour
  4846 | D:5      | Reached skill level 5 in Shields
  5514 | D:6      | Found a glowing drain.
  5589 | Sewer    | Entered a sewer
  5679 | Sewer    | Reached XP level 9. HP: 67/68 MP: 9/9
  6355 | D:6      | Found a hazy altar of Hepliaklqana.
  6355 | D:6      | Noticed esper6's ghost (novice KoHu)
  6370 | D:6      | Killed esper6's ghost
  6370 | D:6      | Reached skill level 7 in Axes
  6821 | D:7      | Killed from afar by an orc priest

Skill      XL: |  1  2  3  4  5  6  7  8  9 |
---------------+----------------------------+-----
Dodging        | 1 2 3 4 |  4.4
Axes           | 3 4 5 6 7 |  7.0
Fighting       | 4 5 |  5.6
Armour         | 4 5 |  5.6
Shields        | 4 5 |  5.5

Action                   |  1- 3 |  4- 6 |  7- 9 || total
-------------------------+-------+-------+-------++-------
Melee: War axe           |    85 |   123 |   411 ||   619
  Use: Potion            |       |       |     8 ||     8
 Stab: Invisible         |       |       |     1 ||     1
  Eat: Chunk             |     1 |    11 |     9 ||    21
       Ration            |       |     1 |       ||     1
Armor: Scale mail        |    28 |    43 |   161 ||   232
Dodge: Dodged            |    36 |    37 |   166 ||   239
Block: Shield            |    42 |    63 |   254 ||   359
